[Event "4th Chessfestival Gredine 2018"]
[Site "Ortisei"]
[Date "2018.06.19"]
[Round "4.10"]
[White "Bertagnolli, Alexander"]
[Black "Landi, Alberto"]
[Result "1/2-1/2"]
[ECO "D31"]
[WhiteElo "2398"]
[BlackElo "2198"]
[Annotator "NA"]
[PlyCount "160"]
[EventDate "2018.06.16"]
[EventType "swiss"]
[EventCountry "ITA"]
[SourceTitle "playchess.com"]
[Source "ChessBase"]
[SourceQuality "1"]
[TimeControl "40/5400+30:1800+30"]

1. d4 d5 2. c4 e6 3. Nc3 c6 4. cxd5 exd5 {[%emt 0:00:00] LiveBook: 1312 Games} 5. Qc2 Bd6 6. Nf3 Ne7 7. Bg5 f6 8. Bh4 Bf5 9. Qd2 Nd7 {[%emt 0:11:30] D31: Queen's Gambit Declined: Semi-Slav without ...Nf6 (+ Marshall Gambit and Noteboom) and Exchange Variation lines without ...Nf6} (9... g5 10. Bg3 Ng6 11. Bxd6 Qxd6 12. e3 Be4 {0-1 (12) Barcenilla,R (2446)-Azarov,S (2556) Saint Louis 2017}) 10. Bg3 Nb6 11. e3 Qd7 12. Bxd6 $146 ({Predecessor:} 12. Be2 g6 13. Bxd6 Qxd6 14. O-O O-O {½-½ (14) Valdes Escobar,A (2381)-O'Donnell,C (2333) Dublin 2018}) 12... Qxd6 13. b3 O-O 14. Bd3 Bxd3 15. Qxd3 Qe6 16. a4 a5 17. Ne2 $11 Nf5 18. Nf4 Qd7 19. Qc2 Nd6 20. Nd3 Ne4 21. O-O Qe7 22. Rab1 Rfe8 23. Rfc1 Nc8 24. Nd2 Ncd6 25. Nxe4 Nxe4 26. b4 axb4 27. Rxb4 Nd6 28. Rcb1 Rec8 29. Nc5 Rc7 30. Qb3 Ra7 31. Kf1 Nc4 32. Rxc4 dxc4 33. Qxc4+ Qf7 34. Qb4 Re7 35. Qb6 Ra8 36. a5 Rf8 37. Nxb7 f5 38. Qb3 f4 39. Qxf7+ Rfxf7 40. Nd6 Rf6 41. Rb8+ Rf8 42. Rxf8+ Kxf8 43. Ke2 fxe3 44. fxe3 Ra7 45. Nc4 Ke7 46. Kd3 Ke6 47. e4 Rb7 48. Kc3 Rb1 49. Nd2 Ra1 50. Nb3 Ra2 51. Nc5+ Kd6 52. e5+ Kc7 53. g3 Rxa5 54. Ne6+ Kd7 55. Nxg7 Ra2 56. h4 Ra8 57. Kd3 Rg8 58. Nh5 Ke7 59. Kc4 Rg4 60. Kc5 h6 61. Nf6 Rxg3 62. Kxc6 Rc3+ 63. Kd5 Rh3 64. Ng8+ Ke8 65. Nxh6 Rxh4 66. Nf5 Rf4 67. Ke6 Rg4 68. Kf6 Rg8 69. e6 Rf8+ 70. Ke5 Rg8 71. d5 Rg1 72. Kf6 Rf1 73. d6 Rf2 74. Kg6 Rg2+ 75. Kh7 Re2 76. e7 Kf7 77. Nh6+ Ke8 78. Ng8 Rh2+ 79. Kg7 Rg2+ 80. Kh7 Rh2+ 1/2-1/2

[Event "4th Chessfestival Gredine 2018"]
[Site "Ortisei"]
[Date "2018.06.19"]
[Round "4.11"]
[White "Borgo, Giulio"]
[Black "Johnsen, Gunnar"]
[Result "1-0"]
[ECO "B07"]
[WhiteElo "2397"]
[BlackElo "2188"]
[Annotator "NA"]
[PlyCount "77"]
[EventDate "2018.06.16"]
[EventType "swiss"]
[EventCountry "ITA"]
[SourceTitle "playchess.com"]
[Source "ChessBase"]
[SourceQuality "1"]
[TimeControl "40/5400+30:1800+30"]

1. e4 d6 2. d4 Nf6 3. Nc3 g6 4. Bg5 c6 5. Qd2 Nbd7 6. f3 Bg7 7. O-O-O Qa5 8. Kb1 O-O 9. h4 b5 10. h5 b4 11. Nce2 Nb6 {[%emt 0:00:30] [#]} 12. Nc1 $1 Be6 13. g4 Rfc8 14. Nh3 c5 15. hxg6 fxg6 $18 (15... hxg6 {keeps fighting.} 16. d5 Bd7) 16. Nf4 Bxa2+ 17. Nxa2 c4 18. Bxf6 c3 19. Qe2 b3 20. Nxc3 Rxc3 21. cxb3 Rxb3 22. Qc2 Qa4 23. Rd3 Rxd3 24. Qxa4 Nxa4 25. Bxg7 Rd1+ 26. Kc2 Rxf1 27. Rxf1 Kxg7 28. Ra1 Nb6 29. Ra6 Kf6 30. Kd3 e6 31. g5+ Kxg5 32. Nxe6+ Kh4 33. Ra1 Kg3 34. Ke2 Rc8 35. Rg1+ Kh2 36. Rb1 Rc2+ 37. Kd3 Rf2 38. Ke3 Rxb2 39. Rxb2+ 1-0

[Event "4th Chessfestival Gredine 2018"]
[Site "Ortisei"]
[Date "2018.06.19"]
[Round "4.12"]
[White "Volkov, Dmitriy"]
[Black "Moroder, Stefan"]
[Result "1-0"]
[ECO "B12"]
[WhiteElo "2334"]
[BlackElo "2183"]
[Annotator "NA"]
[PlyCount "81"]
[EventDate "2018.06.16"]
[EventType "swiss"]
[EventCountry "ITA"]
[SourceTitle "playchess.com"]
[Source "ChessBase"]
[SourceQuality "1"]
[TimeControl "40/5400+30:1800+30"]

1. e4 c6 2. d4 d5 3. e5 Bf5 4. h4 h5 5. Bd3 {[%emt 0:00:00] LiveBook: 314 Games} Bxd3 6. Qxd3 e6 7. Bg5 Qa5+ 8. Nd2 Qa6 9. c4 Nd7 10. b3 Ne7 11. Ngf3 Nf5 12. O-O Bb4 13. Qc2 f6 $16 (13... O-O $11) 14. exf6 gxf6 15. Rfe1 Ne7 16. a3 Bxd2 17. Bxd2 Kf7 18. Bb4 Rae8 19. Qd2 Ng6 20. Rac1 Nb6 21. Qc2 Rhg8 22. Re3 Rg7 23. Bd6 Nc8 24. Bc5 b6 25. Bb4 dxc4 26. bxc4 Qb7 27. a4 Qc7 28. Rce1 c5 29. Bc3 Nf4 30. g3 cxd4 31. Bxd4 Nd6 32. Ng5+ Rxg5 33. hxg5 Nh3+ 34. Kh2 Nxg5 35. f4 Nf5 36. fxg5 h4 37. Bxf6 hxg3+ 38. Kh3 Kg6 39. Kg2 Qc6+ 40. Qe4 Qxa4 41. Rxg3 1-0

[Event "4th Chessfestival Gredine 2018"]
[Site "Ortisei"]
[Date "2018.06.19"]
[Round "4.13"]
[White "Seyb, Dieter"]
[Black "Sarkar, Justin"]
[Result "1/2-1/2"]
[ECO "C46"]
[WhiteElo "2179"]
[BlackElo "2297"]
[Annotator "NA"]
[PlyCount "57"]
[EventDate "2018.06.16"]
[EventType "swiss"]
[EventCountry "ITA"]
[SourceTitle "playchess.com"]
[Source "ChessBase"]
[SourceQuality "1"]
[TimeControl "40/5400+30:1800+30"]

1. e4 e5 2. Nf3 Nc6 3. d4 exd4 4. Nxd4 g6 5. Nc3 Bg7 6. Nxc6 bxc6 7. Bc4 Ne7 8. O-O O-O {[%emt 0:00:00] C46: 3 Nc3: Unusual Black 3rd moves} 9. Be3 (9. Bg5 d6 10. Qd2 Be6 11. Bb3 Qd7 12. Rfe1 Rfe8 13. Ba4 f6 14. Be3 Nc8 15. Qd3 Nb6 16. Bb3 c5 17. Bxe6+ Qxe6 {½-½ (41) Ganguly,S (2615)-Mamedyarov,S (2757) Doha 2014}) 9... Bb7 10. Bd4 d6 $146 ({Predecessor:} 10... Bxd4 11. Qxd4 d5 12. Bb3 Qd6 13. Na4 dxe4 14. Qxe4 {½-½ (30) Ruchieva,N (2254)-Travkina,A (2292) Sochi 2016}) 11. Bxg7 Kxg7 12. Qd4+ f6 13. b4 a5 14. a3 Ba6 15. b5 cxb5 16. Bxb5 Bxb5 17. Nxb5 Qd7 18. c4 Nc6 19. Qc3 Rae8 20. f3 Re5 21. Rad1 Rf7 22. Rd5 Ne7 23. Rxe5 $11 dxe5 24. Qxa5 c6 25. Qc7 Nc8 26. Qxd7 Rxd7 27. Nc3 Rd4 28. Rc1 Rxc4 29. Ne2 1/2-1/2

[Event "4th Chessfestival Gredine 2018"]
[Site "Ortisei"]
[Date "2018.06.19"]
[Round "4.14"]
[White "Kumar, Nikhil"]
[Black "Arne, Mike"]
[Result "1-0"]
[ECO "D06"]
[WhiteElo "2286"]
[BlackElo "2181"]
[Annotator "NA"]
[PlyCount "63"]
[EventDate "2018.06.16"]
[EventType "swiss"]
[EventCountry "ITA"]
[SourceTitle "playchess.com"]
[Source "ChessBase"]
[SourceQuality "1"]
[TimeControl "40/5400+30:1800+30"]

1. d4 d5 2. Nf3 c5 3. c4 cxd4 4. cxd5 Qa5+ 5. Qd2 Qxd5 {[%emt 0:00:30] D06: Queen's Gambit: Symmetrical and Baltic Defences} 6. Nc3 Qa5 7. Nxd4 e5 8. Nb3 Qb4 9. Nd5 Qd6 10. g3 Nf6 11. Bg2 Nxd5 12. Qxd5 Qxd5 13. Bxd5 Bb4+ $146 14. Bd2 Na6 15. a3 Bxd2+ 16. Nxd2 Ke7 17. Rc1 Rd8 18. e4 Rb8 19. b4 b6 20. Nc4 f6 21. Ne3 Bb7 22. Ke2 Bxd5 23. Nxd5+ Ke6 24. Rc6+ Kd7 25. b5 Nc5 {[%emt 0:00:30] [#]} 26. Rc7+ $1 Ke6 $18 27. Re7+ Kd6 28. Rxg7 Nxe4 29. Rd1 Kc5 30. Rc7+ Kd6 31. Rc6+ Kd7 32. Nxf6+ 1-0

[Event "4th Chessfestival Gredine 2018"]
[Site "Ortisei"]
[Date "2018.06.19"]
[Round "4.15"]
[White "Riebel, Werner"]
[Black "Fischer, Daniel"]
[Result "1/2-1/2"]
[ECO "D00"]
[WhiteElo "2113"]
[BlackElo "2263"]
[Annotator "NA"]
[PlyCount "144"]
[EventDate "2018.06.16"]
[EventType "swiss"]
[EventCountry "ITA"]
[SourceTitle "playchess.com"]
[Source "ChessBase"]
[SourceQuality "1"]
[TimeControl "40/5400+30:1800+30"]

1. d4 Nf6 2. Bg5 d5 3. c3 e6 4. Nd2 c5 5. e3 Nbd7 6. f4 Be7 7. Bd3 b6 8. Nh3 Bb7 9. Nf2 O-O 10. O-O Ne8 11. Bxe7 Qxe7 12. Qh5 f5 13. Nf3 Nd6 14. Ne5 Ne4 15. Nxd7 Qxd7 16. Qe2 Nd6 $11 17. Nh3 c4 18. Bc2 b5 19. a3 a5 20. Ng5 Bc6 21. g4 Nf7 22. Nf3 g6 23. Kh1 Kh8 24. Rg1 Rab8 25. h4 Rg8 26. Rg2 Qe7 27. h5 Bd7 28. hxg6 Rxg6 29. g5 Rbg8 30. Rh2 R6g7 31. Rg1 Be8 32. Qe1 Nd6 33. Qh4 Bg6 34. Ne5 Rc8 35. Bd1 Kg8 36. Rg3 Nf7 37. Nxf7 Kxf7 38. Bh5 Rcg8 39. Rgh3 Qb7 40. Qe1 Ke7 41. Kg2 Kd6 42. Kf3 a4 43. Kf2 Qf7 44. Bxg6 hxg6 45. Qh1 Kc7 46. Rh8 Kb7 47. Ke2 Ka7 48. Kd2 Kb7 49. Kc2 Ka6 50. Kb1 Ka7 51. Ka2 Kb7 52. Rxg8 Rxg8 53. Rh7 Rg7 54. Rh8 Rg8 55. Qh6 Rxh8 56. Qxh8 Ka7 57. Qf6 Qe8 58. Qe5 Kb7 59. Qd6 Kc8 60. Qa6+ Kb8 61. Qb6+ Kc8 62. Qa7 Kd8 63. Qb7 Qd7 64. Qb8+ Ke7 65. Qe5 Qe8 66. Qf6+ Kd7 67. Qg7+ Kc8 68. Qa7 Kd8 69. Qc5 Qd7 70. Kb1 Qe8 71. Qb6+ Ke7 72. Qc5+ Kd8 1/2-1/2

[Event "4th Chessfestival Gredine 2018"]
[Site "Ortisei"]
[Date "2018.06.19"]
[Round "4.16"]
[White "Vaishali R"]
[Black "Panjkovic, Aleksandar"]
[Result "1-0"]
[ECO "B12"]
[WhiteElo "2310"]
[BlackElo "2126"]
[Annotator "NA"]
[PlyCount "79"]
[EventDate "2018.06.16"]
[EventType "swiss"]
[EventCountry "ITA"]
[SourceTitle "playchess.com"]
[Source "ChessBase"]
[SourceQuality "1"]
[TimeControl "40/5400+30:1800+30"]

1. e4 d6 2. d4 c6 3. Nc3 Qc7 4. a4 {[%emt 0:00:30] B12: Caro-Kann (Vorstoß-Variante)} (4. f4 e5 5. Nf3 Bg4 6. Be3 Nd7 7. h3 Bxf3 8. Qxf3 Ngf6 9. g4 O-O-O 10. O-O-O h6 11. Bc4 Nb6 12. Bb3 {1-0 (21) Leko,P (2693)-Auzins,A (2151) Tallinn 2016}) 4... e5 5. Bc4 Nf6 6. Nge2 Be7 7. O-O O-O 8. d5 Nbd7 9. a5 $146 ({Vorgänger:} 9. Bg5 Nb6 10. Bxf6 Bxf6 11. Bb3 a5 12. Qd3 {0-1 (40) Paris,G (1849)-Molina,F (2276) Campodarsego 2005}) 9... b5 10. dxc6 bxc4 11. cxd7 Bxd7 12. Bg5 Bc6 13. Bxf6 Bxf6 14. Nd5 Bxd5 15. Qxd5 Rab8 16. Rfb1 Rfc8 17. Nc3 Qc5 18. Qd2 Bd8 19. Nd5 Rb5 $14 20. b4 c3 21. Qe1 Qc6 22. Rb3 f5 23. Rxc3 Qd7 24. Rxc8 Qxc8 25. Qe2 Rb7 26. c4 Rf7 27. Rc1 Bh4 28. f3 f4 29. c5 dxc5 30. Rxc5 Qb8 31. Qc4 Rf8 32. Nxf4+ Kh8 33. Ne6 Re8 34. Qb5 Be1 35. Qd7 Rg8 36. Ng5 h6 37. Nf7+ Kh7 38. Rc7 Bxb4 39. Qf5+ g6 40. Ng5+ 1-0

[Event "4th Chessfestival Gredine 2018"]
[Site "Ortisei"]
[Date "2018.06.19"]
[Round "4.17"]
[White "Dittmar, Peter"]
[Black "Uhl, Michael"]
[Result "0-1"]
[ECO "D36"]
[WhiteElo "2252"]
[BlackElo "2116"]
[Annotator "NA"]
[PlyCount "160"]
[EventDate "2018.06.16"]
[EventType "swiss"]
[EventCountry "ITA"]
[SourceTitle "playchess.com"]
[Source "ChessBase"]
[SourceQuality "1"]
[TimeControl "40/5400+30:1800+30"]

1. d4 d5 2. c4 e6 3. Nc3 Nf6 4. cxd5 exd5 5. Bg5 Be7 6. e3 O-O 7. Bd3 Nbd7 8. Qc2 c6 9. Nf3 Re8 10. O-O Nf8 11. h3 Ne4 12. Bf4 f5 13. Ne5 Ng6 14. Nxg6 {[%emt 0:14:30] D36: Queen's Gambit Declined: Exchange Variation: Main line (5 Bg5 c6 6 Qc2)} hxg6 15. f3 {[%emt 0:00:30] LiveBook: 15 Games} Nd6 16. Rad1 Bg5 {[%emt 0:02:30] [#]} 17. Rfe1 $146 ({Predecessor:} 17. Bxg5 Qxg5 18. f4 Qf6 19. Rf3 Bd7 20. Na4 b6 21. b3 Re7 {½-½ (44) Cebalo,M (2505)-Saric,I (2489) Sibenik 2006}) 17... Bxf4 18. exf4 Rxe1+ 19. Rxe1 Qh4 20. Qd2 Bd7 21. Kh2 Kf7 22. g3 Qf6 23. Re5 Kf8 24. Na4 b6 25. h4 Nf7 26. Qb4+ Kg8 $11 ({Black should try} 26... c5 $1 $17 27. Nxc5 bxc5 28. Qxc5+ Kg8) 27. Re2 Qd6 28. Qxd6 Nxd6 29. Re7 Rd8 30. Nc3 Kf8 31. Re5 Nf7 32. Re2 Re8 33. Kg2 Rxe2+ 34. Bxe2 Ke7 35. Kf2 Kd6 36. Ke3 c5 37. Nb5+ Bxb5 38. Bxb5 Ke6 39. Bd3 Nd6 40. b3 Kd7 41. Bf1 Kc6 42. Bd3 c4 43. Bc2 Kb5 44. a3 a5 45. Kd2 Kc6 46. b4 Kb5 47. Kc3 axb4+ 48. axb4 Ka6 49. Kd2 Nb5 50. Ke3 Nc3 51. h5 gxh5 52. Bxf5 Na2 53. Bg6 Nxb4 54. Bxh5 Nc2+ 55. Kd2 Nxd4 56. Bf7 Kb5 57. Bxd5 Kc5 58. Be4 b5 59. g4 b4 60. f5 c3+ 61. Kd3 c2 62. Kd2 b3 63. g5 Ne2 64. Bxc2 bxc2 65. Kxc2 Nd4+ 66. Kd3 Nxf5 67. Ke4 Nh4 68. f4 Kd6 69. f5 Ng2 70. Kf3 Ne1+ 71. Ke4 Nc2 72. Kd3 Nb4+ 73. Ke4 Nc6 74. Kf4 Nd8 75. Ke4 Nc6 76. Kf4 Nb8 77. Ke4 Nd7 78. Kd4 Nf8 79. Ke4 Nh7 80. Kf4 Kd5 0-1

[Event "4th Chessfestival Gredine 2018"]
[Site "Ortisei"]
[Date "2018.06.19"]
[Round "4.18"]
[White "Kornitzky, Tino"]
[Black "Jaracz, Barbara"]
[Result "1/2-1/2"]
[ECO "D10"]
[WhiteElo "2112"]
[BlackElo "2246"]
[Annotator "NA"]
[PlyCount "39"]
[EventDate "2018.06.16"]
[EventType "swiss"]
[EventCountry "ITA"]
[SourceTitle "playchess.com"]
[Source "ChessBase"]
[SourceQuality "1"]
[TimeControl "40/5400+30:1800+30"]

1. d4 d5 2. c4 c6 3. cxd5 cxd5 4. Bf4 Nc6 5. e3 Nf6 6. Nc3 Bf5 7. Qb3 Qd7 8. Nf3 a6 9. Ne5 Nxe5 10. dxe5 Ne4 11. Qxd5 Nxc3 12. Qxd7+ Bxd7 13. bxc3 Rc8 14. Kd2 (14. Rb1 $5 ) 14... Rd8 15. c4 e6 $14 16. Kc3 Ba4 17. Bd3 Ba3 18. Bc2 Bc6 19. Rad1 Ke7 20. f3 1/2-1/2

[Event "4th Chessfestival Gredine 2018"]
[Site "Ortisei"]
[Date "2018.06.19"]
[Round "4.19"]
[White "Curien, Nicolas"]
[Black "De Vita, Gianni"]
[Result "0-1"]
[ECO "D00"]
[WhiteElo "2204"]
[BlackElo "2036"]
[Annotator "NA"]
[PlyCount "72"]
[EventDate "2018.06.16"]
[EventType "swiss"]
[EventCountry "ITA"]
[SourceTitle "playchess.com"]
[Source "ChessBase"]
[SourceQuality "1"]
[TimeControl "40/5400+30:1800+30"]

1. d4 d5 2. Bf4 e6 3. e3 c6 4. h3 f5 5. g4 Bd6 6. Bd3 Nf6 7. Nf3 Qe7 8. Nbd2 Ne4 9. Qe2 Nd7 10. Rg1 $11 e5 11. dxe5 Nxe5 12. Nxe5 Bxe5 13. Bxe5 Qxe5 14. O-O-O Nc5 15. Nf3 Nxd3+ 16. cxd3 Qe7 17. d4 O-O 18. Ne5 Be6 19. Kb1 Qh4 20. Nd3 Rae8 21. Ka1 Bc8 22. Qf1 fxg4 23. hxg4 Rxe3 24. Rh1 Qxg4 25. Rg1 Qh3 26. Rg2 Ref3 27. Ne5 R3f6 28. Qg1 g6 29. Rd3 Qh5 30. Rh2 Qf5 31. Rg3 Kg7 32. Qh1 Rh8 33. Ng4 Re6 34. Rhg2 Qf4 35. Nh6 Qxh6 36. Rh2 Qxh2 0-1

[Event "4th Chessfestival Gredine 2018"]
[Site "Ortisei"]
[Date "2018.06.19"]
[Round "4.20"]
[White "Colombo, Roberto"]
[Black "Lorscheid, Gerhard"]
[Result "0-1"]
[ECO "C41"]
[WhiteElo "2125"]
[BlackElo "2200"]
[Annotator "NA"]
[PlyCount "78"]
[EventDate "2018.06.16"]
[EventType "swiss"]
[EventCountry "ITA"]
[SourceTitle "playchess.com"]
[Source "ChessBase"]
[SourceQuality "1"]
[TimeControl "40/5400+30:1800+30"]

1. e4 d6 2. d4 Nf6 3. Nc3 e5 4. Nf3 Nbd7 5. Bc4 Be7 {[%emt 0:00:00] LiveBook: 7102 Games} 6. O-O Nb6 7. Be2 exd4 8. Nxd4 O-O 9. f4 Re8 10. Bf3 Bf8 11. a4 c5 12. Nde2 Bd7 13. Qd3 $14 Bc6 14. a5 Nbd7 15. Ng3 Rc8 16. b3 b6 17. a6 c4 18. Qd4 cxb3 19. cxb3 d5 20. Kh1 Nc5 21. e5 Nxb3 22. Qd1 Nxa1 23. exf6 Qxf6 24. Bb2 d4 25. Nce4 Bxe4 26. Bxe4 Rxe4 27. Nxe4 Qc6 28. Qxd4 Nb3 29. Qe3 Nc5 30. Ng5 h6 31. Nf3 Qe4 32. Qd2 Nd3 33. Ba1 Bc5 34. Qc3 f6 35. h3 Re8 36. Qb3+ Kh8 37. Qf7 Re7 38. Qf8+ Kh7 39. g3 Ne1 0-1

[Event "4th Chessfestival Gredine 2018"]
[Site "Ortisei"]
[Date "2018.06.20"]
[Round "5.8"]
[White "Herzog, Adolf"]
[Black "Kumar, Nikhil"]
[Result "0-1"]
[ECO "A47"]
[WhiteElo "2344"]
[BlackElo "2286"]
[Annotator "NA"]
[PlyCount "56"]
[EventDate "2018.06.16"]
[EventType "swiss"]
[EventCountry "ITA"]
[SourceTitle "playchess.com"]
[Source "ChessBase"]
[SourceQuality "1"]
[TimeControl "40/5400+30:1800+30"]

1. d4 Nf6 2. Nf3 b6 3. Bf4 Bb7 4. e3 g6 5. Nbd2 Bg7 6. c3 d6 7. Bc4 O-O 8. O-O Nbd7 9. Re1 Re8 10. e4 h6 11. e5 Nd5 12. Bg3 dxe5 13. Nxe5 Nxe5 14. Bxe5 Bxe5 15. Rxe5 Nf6 16. Qe2 e6 17. Bb5 c6 18. Ba4 Nd7 19. Re3 Qe7 20. Re1 Rad8 21. Nf3 b5 22. Bb3 Nf8 23. Ne5 c5 24. d5 c4 25. dxe6 Nxe6 26. Bc2 Qg5 27. Rg3 Nf4 28. Qe3 Qxe5 0-1

[Event "4th Chessfestival Gredine 2018"]
[Site "Ortisei"]
[Date "2018.06.20"]
[Round "5.11"]
[White "Uhl, Michael"]
[Black "Bertagnolli, Alexander"]
[Result "0-1"]
[ECO "B22"]
[WhiteElo "2116"]
[BlackElo "2398"]
[Annotator "NA"]
[PlyCount "77"]
[EventDate "2018.06.16"]
[EventType "swiss"]
[EventCountry "ITA"]
[SourceTitle "playchess.com"]
[Source "ChessBase"]
[SourceQuality "1"]
[TimeControl "40/5400+30:1800+30"]

1. e4 c5 2. c3 Nf6 3. e5 Nd5 4. d4 cxd4 5. Nf3 e6 6. cxd4 d6 7. a3 Nd7 8. Bd3 dxe5 9. dxe5 g6 10. O-O Bg7 11. Re1 O-O 12. Bd2 Nc5 13. Bc2 a5 14. Nc3 b6 15. Bg5 Qd7 16. Qd2 Nxc3 17. Qxc3 Bb7 18. Rad1 Bd5 19. Bf6 Rfc8 20. Qe3 Bxf6 21. exf6 Qd8 22. Qg5 Nd7 23. Be4 Nxf6 24. Bxd5 Nxd5 25. Qe5 Qf8 26. Qe4 Ra7 27. h4 Rac7 28. Ng5 Rc4 29. Qe5 Qg7 30. Qd6 R4c6 31. Qd7 Qf6 32. Rd3 Rc1 33. Rdd1 R1c2 34. f3 Rd8 35. Qa4 Qxb2 36. Qg4 h5 37. Qg3 Qf6 38. Nxe6 fxe6 39. Rxe6 0-1

[Event "4th Chessfestival Gredine 2018"]
[Site "Ortisei"]
[Date "2018.06.20"]
[Round "5.12"]
[White "Hecht, Hans-Joachim"]
[Black "Podetti, Davide"]
[Result "1-0"]
[ECO "E12"]
[WhiteElo "2327"]
[BlackElo "2186"]
[Annotator "NA"]
[PlyCount "87"]
[EventDate "2018.06.16"]
[EventType "swiss"]
[EventCountry "ITA"]
[SourceTitle "playchess.com"]
[Source "ChessBase"]
[SourceQuality "1"]
[TimeControl "40/5400+30:1800+30"]

1. d4 Nf6 2. c4 e6 3. Nf3 b6 4. a3 Bb7 5. Nc3 d5 6. Bg5 Nbd7 7. e3 Be7 8. cxd5 Nxd5 9. Bxe7 Qxe7 10. Nxd5 Bxd5 11. Rc1 c5 12. dxc5 O-O 13. cxb6 Nxb6 14. Ba6 Rfd8 15. Qe2 Na4 16. O-O Bxf3 17. gxf3 Qf6 18. b4 Rd6 19. Bb7 Rad8 20. Be4 Qg5+ 21. Kh1 f5 22. Bc6 Nb6 23. f4 Qf6 24. Rfd1 h6 25. b5 e5 26. Rxd6 Rxd6 27. fxe5 Qxe5 28. Rd1 Kh7 29. Rxd6 Qxd6 30. Qc2 Qe5 31. Kg2 g6 32. Qb3 Kg7 33. Qb4 Nd5 34. Qc4 Nb6 35. Qb4 Nd5 36. Qc4 Nb6 37. Qd3 g5 38. a4 Kf6 39. a5 Nc8 40. Qd8+ Ne7 41. Qh8+ Ke6 42. Qxh6+ Kf7 43. Qh5+ Kf8 44. Qxg5 1-0

[Event "4th Chessfestival Gredine 2018"]
[Site "Ortisei"]
[Date "2018.06.20"]
[Round "5.13"]
[White "De Vita, Gianni"]
[Black "Vaishali R"]
[Result "1/2-1/2"]
[ECO "B53"]
[WhiteElo "2036"]
[BlackElo "2310"]
[Annotator "NA"]
[PlyCount "88"]
[EventDate "2018.06.16"]
[EventType "swiss"]
[EventCountry "ITA"]
[SourceTitle "playchess.com"]
[Source "ChessBase"]
[SourceQuality "1"]
[TimeControl "40/5400+30:1800+30"]

1. e4 c5 2. Nf3 d6 3. d4 cxd4 4. Qxd4 Nc6 5. Bb5 Bd7 6. Bxc6 Bxc6 7. Bg5 h6 8. Bh4 e5 9. Qe3 Qb6 10. Qxb6 axb6 11. Nfd2 g5 12. Bg3 f5 13. f3 f4 14. Bf2 b5 15. c4 b4 16. O-O Nf6 17. Nb3 g4 18. N1d2 Rg8 19. Kh1 Nh5 20. Bb6 Ra4 21. Na5 Nf6 22. b3 Ra3 23. Nb1 gxf3 24. gxf3 Rxa5 25. Bxa5 Nxe4 26. Bxb4 Be7 27. Nd2 Nxd2 28. Bxd2 e4 29. Bxf4 exf3 30. Rf2 Rg6 31. Re1 Kd7 32. Bg3 h5 33. Re3 h4 34. Rxe7+ Kxe7 35. Bxh4+ Ke6 36. Bg3 Kf5 37. Kg1 Ke4 38. Rf1 Kd3 39. Kf2 Re6 40. Rd1+ Kc2 41. Re1 d5 42. cxd5 Bxd5 43. Bd6 Kb2 44. b4 Kxa2 1/2-1/2

[Event "4th Chessfestival Gredine 2018"]
[Site "Ortisei"]
[Date "2018.06.20"]
[Round "5.14"]
[White "Sarkar, Justin"]
[Black "Riebel, Werner"]
[Result "1-0"]
[ECO "D63"]
[WhiteElo "2297"]
[BlackElo "2113"]
[Annotator "NA"]
[PlyCount "61"]
[EventDate "2018.06.16"]
[EventType "swiss"]
[EventCountry "ITA"]
[SourceTitle "playchess.com"]
[Source "ChessBase"]
[SourceQuality "1"]
[TimeControl "40/5400+30:1800+30"]

1. d4 d5 2. c4 e6 3. Nc3 Nf6 4. Bg5 Be7 5. e3 Nbd7 6. Nf3 O-O 7. Rc1 dxc4 8. Bxc4 a6 9. a4 c5 10. O-O h6 11. Bh4 cxd4 12. exd4 Nb6 13. Ba2 Nbd5 14. Ne5 Bd7 15. Bxd5 Nxd5 16. Nxd5 exd5 17. Bxe7 Qxe7 18. Rc7 Rad8 19. Rxb7 Qe8 20. Re1 Be6 21. b3 Rb8 22. Rxb8 Qxb8 23. Nd3 Qb6 24. Nc5 a5 25. h4 Rd8 26. Qd2 Rb8 27. Re5 Qb4 28. Qe3 Qa3 29. Kh2 Qb2 30. f4 g6 31. Rxe6 1-0

[Event "4th Chessfestival Gredine 2018"]
[Site "Ortisei"]
[Date "2018.06.20"]
[Round "5.15"]
[White "Fischer, Daniel"]
[Black "Seyb, Dieter"]
[Result "0-1"]
[ECO "B06"]
[WhiteElo "2263"]
[BlackElo "2179"]
[Annotator "NA"]
[PlyCount "92"]
[EventDate "2018.06.16"]
[EventType "swiss"]
[EventCountry "ITA"]
[SourceTitle "playchess.com"]
[Source "ChessBase"]
[SourceQuality "1"]
[TimeControl "40/5400+30:1800+30"]

1. e4 g6 2. d4 Bg7 3. Nc3 d5 4. exd5 c6 5. Bc4 cxd5 6. Bxd5 e6 7. Bf3 Qxd4 8. Qxd4 Bxd4 9. Nge2 Be5 10. Bf4 Bxf4 11. Nxf4 Nc6 12. Nb5 Ke7 13. O-O-O Nf6 14. Rhe1 Rd8 15. Rxd8 Nxd8 16. Nc7 Rb8 17. Ncd5+ Nxd5 18. Nxd5+ Kf8 19. Nf6 h5 20. c4 b6 21. Kc2 Ke7 22. Nd5+ Kf8 23. Nf6 Ke7 24. Nd5+ Kf8 25. Nc3 Bb7 26. Bxb7 Rxb7 27. Rd1 Nc6 28. a3 Ne5 29. b3 Ng4 30. h3 Nf6 31. Rd8+ Ke7 32. Rd3 h4 33. b4 g5 34. Kb3 Rd7 35. Kc2 Rxd3 36. Kxd3 Nh5 37. Ne2 e5 38. a4 f5 39. Ke3 Kd6 40. Kd3 Kc6 41. Kc3 a5 42. bxa5 bxa5 43. Nc1 Nf4 44. Nb3 Nxg2 45. Nxa5+ Kc7 46. c5 g4 0-1

[Event "4th Chessfestival Gredine 2018"]
[Site "Ortisei"]
[Date "2018.06.20"]
[Round "5.16"]
[White "Chennaoui, Yasin"]
[Black "Thiel, Thomas"]
[Result "1/2-1/2"]
[ECO "A12"]
[WhiteElo "2002"]
[BlackElo "2261"]
[Annotator "NA"]
[PlyCount "42"]
[EventDate "2018.06.16"]
[EventType "swiss"]
[EventCountry "ITA"]
[SourceTitle "playchess.com"]
[Source "ChessBase"]
[SourceQuality "1"]
[TimeControl "40/5400+30:1800+30"]

1. c4 c6 2. b3 d5 3. Bb2 Bf5 4. Nf3 e6 5. e3 Nd7 6. Nc3 Ngf6 7. Rc1 Bd6 8. d4 Qe7 9. Bd3 Bg6 10. Bxg6 hxg6 11. h3 Rd8 12. Qe2 a6 13. e4 dxe4 14. Nxe4 Nxe4 15. Qxe4 Bb4+ 16. Bc3 Nf6 17. Qe3 Bxc3+ 18. Rxc3 Ng4 19. Qd2 c5 20. Rd3 cxd4 21. Rxd4 Nh6 1/2-1/2

[Event "4th Chessfestival Gredine 2018"]
[Site "Ortisei"]
[Date "2018.06.20"]
[Round "5.17"]
[White "Jaracz, Barbara"]
[Black "Voltolini, Giuseppe"]
[Result "1/2-1/2"]
[ECO "C06"]
[WhiteElo "2246"]
[BlackElo "2150"]
[Annotator "NA"]
[PlyCount "71"]
[EventDate "2018.06.16"]
[EventType "swiss"]
[EventCountry "ITA"]
[SourceTitle "playchess.com"]
[Source "ChessBase"]
[SourceQuality "1"]
[TimeControl "40/5400+30:1800+30"]

1. e4 e6 2. d4 d5 3. Nd2 Nf6 4. e5 Nfd7 5. c3 c5 6. Bd3 Nc6 7. Ne2 cxd4 8. cxd4 f6 9. exf6 Nxf6 10. O-O Bd6 11. Nf3 Qc7 12. Nc3 a6 13. Be3 O-O 14. Rc1 Qe7 15. Re1 Bd7 16. a3 Rae8 17. Bg5 Qd8 18. Bb1 Re7 19. Ne5 Qb8 20. f4 Qa7 21. Nxc6 bxc6 22. Na4 h6 23. Bxf6 Rxf6 24. g3 e5 25. fxe5 Rxe5 26. Rxe5 Bxe5 27. Nc5 Bd6 28. Nxd7 Qxd7 29. Qd3 Qe6 30. Kg2 Bc7 31. Qxa6 Qe3 32. Rxc6 Rxc6 33. Qxc6 Qe2+ 34. Kh3 Qh5+ 35. Kg2 Qe2+ 36. Kh3 1/2-1/2